 Dungeon Crawl Stone Soup version 0.32-a0-485-g70f7560b1c (webtiles) character file.

Game seed: 15729310184073277183

231 retardedninja the Shield-Bearer (level 5, -2/47 HPs)
             Began as a Mountain Dwarf Fighter on Feb 26, 2024.
             Slain by an ogre
             ... wielding a +0 giant club
              (12 damage)
             ... on level 4 of the Dungeon.
             The game lasted 00:03:42 (2650 turns).

retardedninja the Shield-Bearer (MDFi)              Turns: 2650, Time: 00:03:43

Health: -2/47      AC:  7    Str: 20    XL:     5   Next: 73%
Magic:  5/5        EV:  9    Int:  9    God:
Gold:   202        SH:  4    Dex:  9    Spells: 4/4 levels left

rFire   . . .        a - +0 war axe
rCold   . . .        c - +0 buckler
rNeg    . . .        b - +0 scale mail
rPois   .            (no helmet)
rElec   .            (no cloak)
rCorr   .            (no gloves)
SInv    .            (no boots)
Will    .....        (no amulet) Stlth
                     (no ring)
HPRegen 0.27/turn    (no ring)
MPRegen 0.09/turn

%: no passive effects
@: no status effects
A: runic magic, artefact enchanting
a: no special abilities


You were on level 4 of the Dungeon.
You visited 1 branch of the dungeon, and saw 4 of its levels.

You collected 202 gold pieces.

Inventory:

Hand Weapons
 a - a +0 war axe (weapon)
Armour
 b - a +0 scale mail (worn)
 c - a +0 buckler (worn)
Jewellery
 m - a +5 ring of evasion
Wands
 k - a wand of roots (2)
Scrolls
 e - a scroll of amnesia {unknown}
 f - 2 scrolls of teleportation
 j - 2 scrolls of butterflies
 o - a scroll of identify {unknown}
Potions
 d - a potion of might
 g - a potion of haste {unknown}
 h - a potion of degeneration {unknown}
 i - a potion of attraction {unknown}
 l - 2 potions of mutation {unknown}
 n - 2 potions of curing {unknown}


   Skills:
 + Level 4.5 Fighting
 + Level 4.1 Axes
 + Level 4.5 Armour
 + Level 4.6 Shields


You had 4 spell levels left.
You didn't know any spells.
Your spell library contained the following spells:

 Spells                   Type           Power      Damage    Failure   Level
 Sting                    Conj/Alch      0%         1d3       54%         1
 Call Imp                 Summ           0%         N/A       67%         2
 Mercury Vapours          Alch/Air       0%         N/A       67%         2
 Sublimation of Blood     Necr           0%         N/A       67%         2
 Gell's Gravitas          Tloc           0%         N/A       88%         3
 Mephitic Cloud           Conj/Alch/Air  0%         N/A       88%         3
 Teleport Other           Tloc           0%         N/A       88%         3
 Olgreb's Toxic Radiance  Alch           0%         N/A       99%         4
 Freezing Cloud           Conj/Ice/Air   0%         6-21      100%        5
 Dispersal                Tloc           0%         N/A       100%        6
 Summon Hydra             Summ           0%         N/A       100%        7


Dungeon Overview and Level Annotations

Branches:
Dungeon (4/15)
 Temple: D:4-7

Altars:
Hepliaklqana
Nemelex Xobeh

Shops:
D:1 (   D:3 [:[   D:4 [


Innate Abilities, Weirdness & Mutations

Your spellcasting is much less encumbered by armour.
You can use scrolls of enchantment on lesser artefacts.


Message History

Found an escape hatch in the floor.
g - a bubbling grey potion Key pressed, stopping explore.
No target in view!
Key pressed, stopping explore.
An ogre comes into view. It is wielding a +0 giant club.
Found a stone staircase leading up.
The ogre shouts!
An ogre is nearby!
An ogre is nearby!
Aiming: Fastroot
Press: ? - help, Q - select action Shift-Dir - straight line The roots erupt in riotous growth!
Roots grab the ogre.
The grasping roots constrict the ogre.
The ogre struggles to escape constriction.
Unknown command.
Aiming: Fastroot
Press: ? - help, Q - select action Shift-Dir - straight line, f - you
Okay, then.
The grasping roots constrict the ogre.
The roots release their grip on the ogre.
Aiming: Fastroot
Press: ? - help, Shift-Dir - straight line, f - ogre
Aim: an ogre, wielding a +0 giant club (moderately wounded)
The roots erupt in riotous growth!
Roots grab the ogre.
The grasping roots constrict the ogre.
The ogre escapes!
Unknown command.
Unknown command.
The ogre hits you with a +0 giant club!
You hit the ogre.
The ogre is heavily wounded.
The ogre hits you with a +0 giant club!!
Ouch! That really hurt!
* * * LOW HITPOINT WARNING * * *
You closely miss the ogre.
The ogre is heavily wounded.
The ogre hits you with a +0 giant club!
You die...

#.#.######## .#
#.#........# #.####
#.########.# ##.....
#.# #.# +.#####
#.########.###......
#...........[.#####.
#.................#.
#.########.#...##.#.
#..@O...<#......#.#.
#..#######.###..#.#.
#..#............#.#.
####.#.########.#<..
#.#.>..........#.
#.#..........†...
#.#....#######.##
#.#.##.# #.#
#.#>##.### #.#


You could see an ogre.

Vanquished Creatures
  A scorpion (D:4)
  A hound (D:4)
  An orc wizard (D:3)
  7 adders
  A dart slug (D:2)
  3 orcs (D:3)
  3 bats
  4 endoplasms
  4 giant cockroaches
  A goblin (D:1)
  5 hobgoblins
  3 jackals (D:2)
  3 quokkas
  5 ball pythons
  3 frilled lizards
  8 kobolds
  2 rats (D:2)
55 creatures vanquished.

Notes
Turn   | Place    | Note
-------+----------+-------------------------------------------
     0 | D:1      | retardedninja the Mountain Dwarf Fighter began the quest
                  | for the Orb.
     0 | D:1      | Reached XP level 1. HP: 19/19 MP: 1/1
   176 | D:1      | Reached XP level 2. HP: 26/26 MP: 2/2
   564 | D:1      | Found Rucuil's Antique Weapon Shoppe.
   939 | D:2      | Reached XP level 3. HP: 33/33 MP: 3/3
  1008 | D:2      | HP: 1/33 [poisoned by an adder]
  1818 | D:3      | Reached XP level 4. HP: 40/40 MP: 4/4
  2026 | D:3      | Found Quaxt's Antique Armour Shoppe.
  2138 | D:3      | Found Roch's Book Shop.
  2278 | D:3      | Found a hazy altar of Hepliaklqana.
  2320 | D:3      | Found Zuroigise's Antique Armour Shoppe.
  2350 | D:4      | Found a sparkling altar of Nemelex Xobeh.
  2362 | D:4      | Noticed a scorpion
  2365 | D:4      | Reached XP level 5. HP: 38/46 MP: 5/5
  2447 | D:4      | Found Qirir's Antique Armour Shop.
  2643 | D:4      | Noticed an ogre
  2650 | D:4      | Slain by an ogre

Illustrated notes

Levels and vault maps discovered:
D:1:      tarquinn_simple_flora_water_b, layout_basic, serial_shops,
          nicolae_shop_dealshenge, minmay_misc_feat_four_crosses
D:2:      layout_loops_ring
D:3:      layout_rooms, mainiacjoe_overflow_brackets, serial_shops, shop, shop,
          nicolae_shop_crystal, nicolae_the_louvre
D:4:      layout_basic, kennysheep_mini, mainiacjoe_overflow_alcove_4,
          nicolae_dithmenos_through_a_glass_darkly, serial_shops, shop_statue,
          nicolae_nh_oracle_at_delphi

Skill      XL: |  1  2  3  4  5 |
---------------+----------------+-----
Axes           | 3 4 |  4.1
Shields        | 4 |  4.6
Fighting       | 4 |  4.5
Armour         | 4 |  4.5

Action                     |  1- 3 |  4- 6 || total
---------------------------+-------+-------++-------
  Melee: War axe           |   103 |    65 ||   168
  Evoke: Wand              |       |     4 ||     4
    Use: Potion            |     4 |     1 ||     5
         Scroll            |       |     4 ||     4
 Armour: Scale mail        |    85 |    64 ||   149
  Dodge: Dodged            |    63 |    30 ||    93
  Block: Buckler           |    28 |    14 ||    42

Table legend: (Time is in decaauts)
 A = Elapsed time spent in this place.
 B = Non-inter-level travel time spent in this place.
 C = Inter-level travel time spent in this place.
 D = Time resting spent in this place.
 E = Time spent auto-exploring this place.
 F = Levels seen in this place.
 G = Mean time per level.
                   A        B        C        D        E       F      G
               +--------+--------+--------+--------+--------+-----+--------+
         Total |   2735 |   2669 |     66 |    446 |   1757 |   4 |  683.8 |
       Dungeon |   2735 |   2669 |     66 |    446 |   1757 |   4 |  683.8 |
               +--------+--------+--------+--------+--------+-----+--------+

Top non-repeatable levels by time:
     D:2: 1075 daAuts
     D:1: 788 daAuts
     D:3: 560 daAuts
     D:4: 311 daAuts
